[Event "Early-Titled-Tuesday-Blitz-January-16-2024"]
[Site "Chess.com"]
[Date "2024.01.16"]
[Round "6"]
[White "AndresDelgado77"]
[Black "AlexPapasimakopoulos"]
[Result "0-1"]
[WhiteElo "2394"]
[BlackElo "2645"]
[TimeControl "180+1"]
[EndTime "9:10:11 PST"]
[Termination "AlexPapasimakopoulos won by checkmate"]

1. e4 e6 2. d4 d5 3. e5 c5 4. c3 Nc6 5. Nf3 Bd7 6. a3 f6 7.
Bb5 fxe5 8. Bxc6 Bxc6 9. Nxe5 Nf6 10. Qe2 Qc8 11. Bg5 Be7 12. dxc5 O-O 13. Nd2 Bxc5 14. O-O Be8 15. Rae1 Bh5 16. Qd3 a6 17. Qh3 Be8 18. Nb3 Bb6 19. Nd4 Bxd4 20. cxd4 Bb5 21. Rc1 Qe8 22.
Rfe1 Ne4 23. Be3 Rc8 24. f3 Nd6 25. Bd2 Nf5 26. Bb4 Rxc1 27. Rxc1 Nxd4 28. Rc7 Rf4 29. Bd2 Qd8 30. Ba5 Qf8 31. Kf2 h6 32. Bc3 Qf6 33.
Rc8+ Kh7 34. Qg3 Qxe5 35. Rb8 Qe2+ 36. Kg1 Qf1# 0-1

[Event "Early-Titled-Tuesday-Blitz-January-16-2024"]
[Site "Chess.com"]
[Date "2024.01.16"]
[Round "6"]
[White "HalfIsCrayfish"]
[Black "otrov-11"]
[Result "0-1"]
[WhiteElo "2613"]
[BlackElo "2469"]
[TimeControl "180+1"]
[EndTime "9:10:11 PST"]
[Termination "otrov-11 won by resignation"]

1. e4 e6 2. Nc3 d5 3. exd5 exd5 4.
d4 Nf6 5. Bd3 c5 6. dxc5 Bxc5 7.
Nge2 O-O 8. O-O h6 9. Ng3 Nc6 10.
Bf4 Be6 11. Qd2 Re8 12. Rae1 Rc8 13. a3 a6 14. Nf5 Bf8 15. h3 Ne4 16. Bxe4 dxe4 17.
Nd6 Bxd6 18. Bxd6 Bc4 19. Ne2 Re6 20. Bf4 Qxd2 21. Bxd2 Bxe2 22. Rxe2 Nd4 23. Re3 Rxc2 24.
Bc3 Ne2+ 25. Kh2 Nxc3 26. bxc3 b5 27. Kg3 Rc6 28. Kf4 R2xc3 29. Kxe4 R6c4+ 30. Kf3 Rxe3+ 31. fxe3 Rc3 32. Ra1 Kf8 33. Ke4 Ke7 34. Kd4 Rc2 35.
g4 Kd6 36. a4 b4 37. a5 b3 38.
Rb1 b2 39. Kd3 Rh2 40. Kc3 Kd5 41. Kb3 Ke4 42. Ka2 Kxe3 43. Rf1 f6 44. Re1+ Kf4 45. Re6 Kg3 46. Rxa6 Kxh3 47. Ra8 Kxg4 48. a6 Rh5 49. Kxb2 Ra5 50. Kb3 g5 51. Kb4 Ra1 52. Kb5 f5 53. Rh8 h5 54. Kb6 f4 55. Kb7 f3 56.
Rh6 h4 57. a7 Rxa7+ 58. Kxa7 f2 59. Rf6 Kg3 60. Kb6 Kg2 0-1

[Event "Early-Titled-Tuesday-Blitz-January-16-2024"]
[Site "Chess.com"]
[Date "2024.01.16"]
[Round "6"]
[White "Ellaijio_B"]
[Black "Zavgorodniy_Sergiy"]
[Result "1-0"]
[WhiteElo "2804"]
[BlackElo "2602"]
[TimeControl "180+1"]
[EndTime "9:10:14 PST"]
[Termination "Ellaijio_B won by resignation"]

1. e4 e5 2. Nc3 Nf6 3. f4 d5 4. Qe2 Nxe4 5. Nxe4 dxe4 6. Qxe4 Nc6 7. fxe5 Qd4 8.
Qxd4 Nxd4 9. Bd3 c5 10. Nf3 Be7 11. Nxd4 cxd4 12. b3 Be6 13. Bb2 O-O-O 14. O-O Kb8 15. Rae1 Bg5 16. Rf2 Bh4 17. g3 Be7 18. Bf5 d3 19.
Bxd3 Bc5 20. Kf1 Bxf2 21. Kxf2 h5 22. h4 Rd7 23. Bc3 Rc8 24. Re3 a6 25. a4 Rcd8 26. Be4 Rxd2+ 27. Bxd2 Rxd2+ 28. Re2 Rd1 29. Ke3 Rg1 30.
Rg2 Re1+ 31. Re2 Rg1 32. Kf2 Rd1 33. Re1 Rd2+ 34. Ke3 Rd8 35. Bf3 Bf5 36. Bxh5 Bxc2 37. Bxf7 1-0

[Event "Early-Titled-Tuesday-Blitz-January-16-2024"]
[Site "Chess.com"]
[Date "2024.01.16"]
[Round "6"]
[White "Predo63"]
[Black "LaPiToB"]
[Result "1-0"]
[WhiteElo "2505"]
[BlackElo "2312"]
[TimeControl "180+1"]
[EndTime "9:10:14 PST"]
[Termination "Predo63 won on time"]

1. d4 Nf6 2. Bg5 d5 3. Bxf6 exf6 4. e3 c6 5. Nd2 Bd6 6. g3 O-O 7. Bg2 Re8 8. Ngf3 Nd7 9. O-O Nf8 10. c4 dxc4 11. Nxc4 Bc7 12. Rc1 Bg4 13. Qc2 Qd7 14.
b4 Bf5 15. Qc3 Be4 16. Nh4 Bxg2 17. Nxg2 h5 18. a4 Ng6 19. h4 Qh3 20. Nd2 Rad8 21. Nf3 Ne7 22. Nf4 Bxf4 23. exf4 Nd5 24. Qd2 Re4 25. Rfe1 Rde8 26. Rxe4 Rxe4 27. Re1 Rxe1+ 28. Nxe1 Qf5 29. b5 Qb1 30. bxc6 bxc6 31. Kg2 g6 32. Nd3 Qa1 33. Nc5 Kg7 34. a5 f5 35. Nd7 Nc3 36. Ne5 Ne4 37. Qe3 Qxa5 38. Nxc6 Qd5 39. Ne5 Nd2+ 40. Kg1 Nc4 41. Nxc4 Qxc4 42. Qe5+ Kh7 43.
d5 a5 44. d6 Qc1+ 45. Kg2 Qd2 46. Qe7 Qd5+ 47. Kh2 Kg7 48. d7 Qf3 49. Kg1 Qd1+ 50.
Kg2 Qf3+ 51. Kf1 Qh1+ 52. Ke2 1-0

[Event "Early-Titled-Tuesday-Blitz-January-16-2024"]
[Site "Chess.com"]
[Date "2024.01.16"]
[Round "6"]
[White "Brahianzevich"]
[Black "Roman_Ovetchkin"]
[Result "0-1"]
[WhiteElo "2437"]
[BlackElo "2662"]
[TimeControl "180+1"]
[EndTime "9:10:15 PST"]
[Termination "Roman_Ovetchkin won by resignation"]

1. e4 Nc6 2. Nf3 d5 3. exd5 Qxd5 4. Nc3 Qh5 5. h3 e5 6. d3 Bd6 7. Be2 Qg6 8. Nh4 Qf6 9. Nf3 Nge7 10. Ne4 Qg6 11.
Nh4 Qe6 12. Nf3 h6 13. c3 f5 14. Nxd6+ cxd6 15. Qb3 Qg6 16. g3 b6 17. Nh4 Qf6 18.
Bf3 Bb7 19. Qa4 O-O-O 20. Bd2 d5 21. O-O-O e4 22. Be2 g5 23. Ng2 Kb8 24. h4 Ne5 25. d4 Nf7 26. hxg5 hxg5 27. Bh5 Nd6 28. Be2 Bc6 29.
Qb4 Kb7 30. Rxh8 Rxh8 31. Bxg5 Qxg5+ 32. Nf4 Nec8 33. a4 a5 34. Qb3 Qg8 35. Kb1 Rh2 36. Rf1 Kc7 37. g4 Nc4 38. Qd1 N8d6 39. gxf5 Nxf5 40.
Bg4 Qf7 41. Qc1 Bxa4 42. Ne2 Nfd6 43. Nf4 Bb3 44. Be6 Qe8 45. Bxd5 Qa4 46. Ne6+ Kb8 0-1

[Event "Early-Titled-Tuesday-Blitz-January-16-2024"]
[Site "Chess.com"]
[Date "2024.01.16"]
[Round "6"]
[White "Nasrin_Babayeva"]
[Black "gabduschew"]
[Result "0-1"]
[WhiteElo "1860"]
[BlackElo "2444"]
[TimeControl "180+1"]
[EndTime "9:10:15 PST"]
[Termination "gabduschew won by resignation"]

1. e4 Nc6 2. d3 e5 3. Nd2 Bc5 4. c3 f5 5. exf5 Nf6 6. Ngf3 d5 7. Nxe5 Bxf2+ 8. Kxf2 Nxe5 9. Nf3 Neg4+ 10. Kg1 Bxf5 11.
h3 Nh6 12. Bxh6 gxh6 13. Qd2 Qd6 14. Re1+ Kf7 15. Qxh6 Rae8 16. Ng5+ Kg8 17. Rxe8+ Nxe8 18. Qxd6 Nxd6 19. g4 Bd7 20. Bg2 c6 21. Kf2 h5 22.
Bf3 hxg4 23. hxg4 Rxh1 24. Bxh1 Bxg4 25. Bf3 Bf5 26. d4 Bb1 27. a3 Nc4 28. Bg4 Kf8 29. Bc8 Nd6 30. Bg4 Ke7 31. Be2 Be4 32. Nxe4 Nxe4+ 33. Ke3 Kd6 34. Bf3 Ng5 35. Bg4 b6 36.
Bc8 a5 37. Bg4 Ne4 38. Bf5 Nf6 39. Bd3 c5 40. Bb5 Ng4+ 41. Kf4 Nf2 42. Ba4 Nd3+ 43. Ke3 Nxb2 44. dxc5+ Kxc5 45. Bb3 Nc4+ 46. Kd3 Nxa3 0-1

[Event "Early-Titled-Tuesday-Blitz-January-16-2024"]
[Site "Chess.com"]
[Date "2024.01.16"]
[Round "6"]
[White "AlexTruskavetsky"]
[Black "valik3504"]
[Result "1-0"]
[WhiteElo "2694"]
[BlackElo "2553"]
[TimeControl "180+1"]
[EndTime "9:10:16 PST"]
[Termination "AlexTruskavetsky won on time"]

1. d4 Nf6 2. c4 e6 3. g3 d5 4.
Bg2 Be7 5. Nf3 O-O 6. O-O dxc4 7.
Qc2 b5 8. a4 Bb7 9. axb5 a6 10.
Nc3 axb5 11. Rxa8 Bxa8 12. Nxb5 Bd5 13. Nc3 Nc6 14. e4 Nb4 15. Qe2 Bb7 16. Bg5 Ba6 17.
Rd1 Qb8 18. Ne5 Rd8 19. Nxc4 h6 20. Bxf6 Bxf6 21. e5 Be7 22. b3 Nd5 23. Qc2 Nb4 24. Qc1 c5 25. dxc5 Bxc5 26. Ne4 Nd3 27. Rxd3 Rxd3 28.
Nxc5 Bxc4 29. bxc4 Rd4 30. h4 Qxe5 31. Nb3 Rd3 32. Qc2 Rc3 33. Qb2 Qe1+ 34. Bf1 Rxc4 35.
Nd2 Rc1 36. Kg2 1-0

[Event "Early-Titled-Tuesday-Blitz-January-16-2024"]
[Site "Chess.com"]
[Date "2024.01.16"]
[Round "6"]
[White "finec2"]
[Black "ChessBliss09"]
[Result "0-1"]
[WhiteElo "2308"]
[BlackElo "2096"]
[TimeControl "180+1"]
[EndTime "9:10:16 PST"]
[Termination "ChessBliss09 won by resignation"]

1. e4 e6 2. d4 d5 3. e5 c5 4. c3 Nc6 5. Nf3 Qb6 6. Bd3 Bd7 7. O-O cxd4 8. cxd4 Nge7 9. Kh1 Ng6 10. Nc3 Be7 11. Rb1 O-O 12. Be3 Rac8 13. Qe2 Nb4 14. g3 Nxd3 15.
Qxd3 Bb4 16. h4 h6 17. h5 Ne7 18. g4 a6 19. Rg1 Bxc3 20. bxc3 Bb5 21. Qd2 Qc6 22. Rbc1 Kh7 23. g5 Nf5 24. gxh6 gxh6 25. Rg4 Rg8 26. Rcg1 Qc4 27. Rxg8 Rxg8 28. Rxg8 Kxg8 29.
Ng1 Qd3 30. Qe2 Qxe2 0-1

[Event "Early-Titled-Tuesday-Blitz-January-16-2024"]
[Site "Chess.com"]
[Date "2024.01.16"]
[Round "6"]
[White "pfalcon1949"]
[Black "ClayK1ng"]
[Result "0-1"]
[WhiteElo "1974"]
[BlackElo "2298"]
[TimeControl "180+1"]
[EndTime "9:10:16 PST"]
[Termination "ClayK1ng won on time"]

1. e4 c5 2. Nf3 d6 3. d4 cxd4 4. Nxd4 Nf6 5. Nc3 a6 6. Bg5 e6 7.
f4 Qb6 8. a3 Nbd7 9. Nb3 Qc7 10. Bd3 b5 11. O-O Bb7 12. Kh1 Be7 13. Qe2 O-O 14.
Rae1 e5 15. fxe5 Nxe5 16. Bxf6 Bxf6 17. Nd5 Bxd5 18. exd5 Nxd3 19. Qxd3 Bxb2 20. Re2 Rae8 21. Ref2 Qc3 22. Qf5 Re1 23. Nd2 Rxf1+ 24. Nxf1 Qe5 25. Qf3 Bd4 26. Re2 Qf6 27. Qxf6 Bxf6 28. Ng3 Rc8 29. Ne4 Be5 30. g3 h6 31. Kg2 f5 32.
Nf2 Rc3 33. Nd3 Bf6 34. Re6 Rxc2+ 35. Kh3 Rc3 36. Nb4 Rxa3 37. Nc6 a5 38. Rxd6 b4 39.
Rd7 b3 40. Rb7 b2 41. Rb8+ Kh7 42. Rb7 Rd3 43. Nxa5 Rd1 44. d6 b1=Q 0-1

[Event "Early-Titled-Tuesday-Blitz-January-16-2024"]
[Site "Chess.com"]
[Date "2024.01.16"]
[Round "6"]
[White "Grandelicious"]
[Black "rhungaski"]
[Result "1-0"]
[WhiteElo "2920"]
[BlackElo "2533"]
[TimeControl "180+1"]
[EndTime "9:10:18 PST"]
[Termination "Grandelicious won by resignation"]

1. d4 Nf6 2. Nf3 g6 3. g3 Bg7 4.
Bg2 O-O 5. O-O d6 6. Re1 Nc6 7. d5 Nb8 8. e4 c6 9. c4 Bg4 10.
Nc3 Nfd7 11. h3 Bxf3 12. Bxf3 a5 13. Be3 Na6 14. Rc1 Nac5 15. h4 h5 16. Bg2 Qb6 17. b3 Qb4 18. Bd2 Qa3 19. Rc2 a4 20.
Nb1 axb3 21. Nxa3 bxc2 22. Nxc2 Rxa2 23. dxc6 Ne5 24. Nb4 Ra4 25. cxb7 Rb8 26. Nd5 Rxb7 27. Bg5 Ned3 28. Rf1 Rb2 29. Nxe7+ Kh7 30. Be3 Raa2 31. Nd5 Ne5 32. Nc3 Ra3 33. Nb5 Raa2 34. Nxd6 Ncd3 35.
Nxf7 Nxf2 36. Ng5+ Kg8 37. Qd8+ Bf8 38. Qd5+ 1-0

[Event "Early-Titled-Tuesday-Blitz-January-16-2024"]
[Site "Chess.com"]
[Date "2024.01.16"]
[Round "6"]
[White "Dinosaurio_1975"]
[Black "DraningWaterHi"]
[Result "1-0"]
[WhiteElo "2638"]
[BlackElo "2173"]
[TimeControl "180+1"]
[EndTime "9:10:19 PST"]
[Termination "Dinosaurio_1975 won by resignation"]

1. d4 Nf6 2. Bg5 d5 3. Nd2 c5 4. e3 Nc6 5. c3 e5 6. dxc5 Bxc5 7. Bd3 e4 8. Bb5 a6 9. Ba4 b5 10. Bc2 Be6 11. Nb3 Ba7 12. Ne2 h6 13. Bh4 g5 14. Bg3 h5 15. h4 g4 16. Nf4 Ne7 17. Nd4 Bxd4 18. Qxd4 Nf5 19. Qe5 Nxg3 20. fxg3 Rh6 21. Nxe6 fxe6 22. Qxe6+ Kf8 23. O-O Kg7 24. Rf5 Qd7 25. Qxd7+ Nxd7 26. Rxd5 Nb6 27. Rd4 Re8 28. Bb3 Rf6 29. Rf1 Rxf1+ 30. Kxf1 Nc8 31. Ke2 Kf6 32.
Rd5 Re5 33. Rd8 Rc5 34. Rf8+ Kg6 35. Re8 Kg7 36. Rxe4 Nd6 37. Re7+ Kf8 38. Re6 Nf5 39.
Kf2 Nxg3 40. Kxg3 1-0

[Event "Early-Titled-Tuesday-Blitz-January-16-2024"]
[Site "Chess.com"]
[Date "2024.01.16"]
[Round "6"]
[White "Thursday_the_14_th"]
[Black "goodwilll"]
[Result "1-0"]
[WhiteElo "2628"]
[BlackElo "2421"]
[TimeControl "180+1"]
[EndTime "9:10:19 PST"]
[Termination "Thursday_the_14_th won by resignation"]

1. e4 c6 2. d4 d5 3. e5 c5 4. Nf3 Nc6 5. dxc5 Bg4 6. c3 e6 7. Be3 Bxf3 8. Qxf3 Nxe5 9. Qg3 Nc6 10. Nd2 Nf6 11. Be2 Nd7 12. b4 a5 13. b5 Nce5 14.
O-O h5 15. f4 Ng4 16. Bxg4 hxg4 17. c6 bxc6 18. bxc6 Nf6 19. Bd4 Rc8 20. f5 Rxc6 21.
fxe6 Rxe6 22. Bxf6 gxf6 23. Qxg4 Qc7 24. Nf3 Bd6 25.
h3 Qxc3 26. Rfe1 Ke7 27. Rxe6+ fxe6 28. Qg7+ Kd8 29. Qxh8+ Kd7 30. Re1 a4 31. Qa8 Qc4 32. Qb7+ Bc7 33. Qb2 e5 34. Rc1 Qa6 35. Qc2 Bb6+ 36.
Kh1 Kd6 37. Qc6+ Ke7 38. Qxd5 Qe2 39. Qb7+ Kf8 40. Rc8+ 1-0

[Event "Early-Titled-Tuesday-Blitz-January-16-2024"]
[Site "Chess.com"]
[Date "2024.01.16"]
[Round "6"]
[White "semchik73"]
[Black "IMRosen"]
[Result "0-1"]
[WhiteElo "2414"]
[BlackElo "2653"]
[TimeControl "180+1"]
[EndTime "9:10:21 PST"]
[Termination "IMRosen won by resignation"]

1. Nf3 d5 2. c4 e6 3. d4 Nf6 4.
Nc3 Nbd7 5. Bg5 c6 6. e3 Qa5 7. Bxf6 Nxf6 8. Bd3 Bb4 9. Qc2 dxc4 10. Bxc4 c5 11.
O-O cxd4 12. Nxd4 O-O 13. a3 Bxc3 14. Qxc3 Qxc3 15. bxc3 b6 16. Rfd1 Bb7 17. Nb5 Rac8 18. Nd6 Rc7 19. Be2 Bd5 20. c4 Bc6 21. Rac1 Ba4 22.
Rd2 Rd8 23. Bd1 Bxd1 24. Rcxd1 Kf8 25. e4 e5 26. Nf5 Rxd2 27. Rxd2 Rd7 28. Rxd7 Nxd7 29.
Nd6 a6 30. f3 Ke7 31. Nf5+ Kf6 32. Ne3 Ke6 33. Kf2 g6 34. Nd5 Kd6 35. Ke3 Kc5 36. Kd3 f5 37. exf5 gxf5 38. Ne7 e4+ 39. fxe4 fxe4+ 40. Kxe4 Kxc4 41. g4 b5 42. g5 Kb3 43.
Kd5 Kxa3 44. Kc6 Ne5+ 45. Kd5 Ng4 46. h3 Nf2 47. h4 b4 48. Kc4 b3 49. Nd5 b2 50. Nc3 Ne4 51. Nb1+ Ka2 52. h5 Kxb1 53. g6 hxg6 54. h6 Nf6 55. h7 Nxh7 56. Kc3 Kc1 0-1

[Event "Early-Titled-Tuesday-Blitz-January-16-2024"]
[Site "Chess.com"]
[Date "2024.01.16"]
[Round "6"]
[White "HamedWafa4"]
[Black "GeorgiosSouleidis"]
[Result "0-1"]
[WhiteElo "2838"]
[BlackElo "2680"]
[TimeControl "180+1"]
[EndTime "9:10:22 PST"]
[Termination "GeorgiosSouleidis won by resignation"]

1. e4 c5 2. Nf3 e6 3. d4 cxd4 4. Nxd4 Nf6 5. Nc3 Nc6 6. g3 d6 7. Bg2 Bd7 8. O-O Be7 9. Re1 a6 10. b3 Qc7 11. Bb2 O-O 12. h3 Rac8 13. Nce2 Nxd4 14. Nxd4 e5 15. Nf5 Bxf5 16. exf5 Qxc2 17. Ba3 Qxf5 18. Bxb7 Rc7 19. Bg2 d5 20. Bb2 d4 21.
Re2 Rfc8 22. Qe1 Bd6 23. Bc1 h5 24. Bd2 Rc2 25. Ba5 d3 26. Rd2 e4 27. Rad1 Bc5 28.
b4 Bd4 29. Qf1 Bc3 30. Rxc2 dxc2 31. Rc1 Bd2 32. a4 Bxc1 33. Qxc1 Qd5 34. Bf1 Qd1 0-1

[Event "Early-Titled-Tuesday-Blitz-January-16-2024"]
[Site "Chess.com"]
[Date "2024.01.16"]
[Round "6"]
[White "Mikayel99"]
[Black "Zurability"]
[Result "0-1"]
[WhiteElo "2577"]
[BlackElo "2725"]
[TimeControl "180+1"]
[EndTime "9:10:22 PST"]
[Termination "Zurability won by resignation"]

1. Nf3 d5 2. d4 Nf6 3. g3 c6 4.
Bg2 Bf5 5. O-O h6 6. b3 e6 7. c4 Nbd7 8. Nc3 Bd6 9. Re1 O-O 10. Bb2 Ne4 11. Nd2 Nxd2 12. Qxd2 Bh7 13. e4 dxc4 14.
bxc4 e5 15. d5 Rc8 16. Bh3 Rc7 17. dxc6 Rxc6 18. Nb5 Nb6 19. Nxa7 Rxc4 20. Rad1 Bc7 21. Qe3 Qe8 22. Qb3 Bxe4 23. Nb5 Bc2 24. Qe3 Qxb5 25. Ba3 Ra8 26. Rc1 Nd5 27. Qd2 Ba5 28. Qe2 Bxe1 0-1

[Event "Early-Titled-Tuesday-Blitz-January-16-2024"]
[Site "Chess.com"]
[Date "2024.01.16"]
[Round "6"]
[White "Mops_2004"]
[Black "Grossboss19"]
[Result "1-0"]
[WhiteElo "2676"]
[BlackElo "2543"]
[TimeControl "180+1"]
[EndTime "9:10:23 PST"]
[Termination "Mops_2004 won by resignation"]

1. Nf3 c5 2. c4 Nc6 3. Nc3 Nf6 4. d4 cxd4 5. Nxd4 d5 6. cxd5 Nxd5 7. Nxc6 bxc6 8. Bd2 e6 9. g3 Bb4 10. Rc1 Bb7 11.
Bg2 O-O 12. O-O a5 13. a3 Be7 14. Na4 Nb6 15. Nc5 Bxc5 16. Rxc5 Qd6 17. Be3 Qxd1 18. Rxd1 Nd5 19. Bd2 a4 20. e4 Nb6 21. Ba5 Ra6 22.
Bf1 Rxa5 23. Rxa5 Rb8 24. Rd4 Kf8 25. Rb4 Bc8 26. Ra7 c5 27. Rxb6 Rxb6 28. Ra8 Rc6 29. Bb5 Rb6 30. Rxc8+ Ke7 31. Bxa4 Rxb2 32. Rxc5 Ra2 33.
Rc3 Kd6 34. Re3 Ke5 35. Be8 f6 36. a4 Kd4 37. Bd7 e5 38. Bb5 h5 39. h4 g5 40. hxg5 fxg5 41. Kg2 h4 42. gxh4 gxh4 43. Bc6 Rc2 44. Bd5 Rc1 45. Ra3 Rc7 46. a5 Rg7+ 47. Kh3 1-0

[Event "Early-Titled-Tuesday-Blitz-January-16-2024"]
[Site "Chess.com"]
[Date "2024.01.16"]
[Round "6"]
[White "Kiborg95"]
[Black "vi_pranav"]
[Result "0-1"]
[WhiteElo "2870"]
[BlackElo "3045"]
[TimeControl "180+1"]
[EndTime "9:10:24 PST"]
[Termination "vi_pranav won by resignation"]

1. e4 e5 2. Nf3 Nc6 3. c3 g6 4. d4 Bg7 5. Be3 d6 6. Nbd2 Nf6 7. h3 O-O 8. Bd3 Nh5 9. O-O Bd7 10. a4 h6 11. Re1 Re8 12. a5 a6 13.
Qb1 Qf6 14. d5 Ne7 15. c4 Nf4 16. Bf1 g5 17. c5 h5 18. cxd6 cxd6 19. Rc1 Rac8 20.
Ne1 Bh6 21. Nc4 Bb5 22. Ra3 Qg6 23. Rac3 g4 24. hxg4 hxg4 25. g3 Bxc4 26. Rxc4 Rxc4 27. Rxc4 Nexd5 28. gxf4 exf4 29. Bd2 Nf6 30. Bd3 Qh5 31. Qd1 Nd7 32. Rd4 Ne5 33. Bf1 Re6 34. Nd3 Nf3+ 0-1

[Event "Early-Titled-Tuesday-Blitz-January-16-2024"]
[Site "Chess.com"]
[Date "2024.01.16"]
[Round "6"]
[White "JimDiGrease"]
[Black "Durarbayli"]
[Result "0-1"]
[WhiteElo "2984"]
[BlackElo "2848"]
[TimeControl "180+1"]
[EndTime "9:10:25 PST"]
[Termination "Durarbayli won by checkmate"]

1. d4 d5 2. c4 c6 3. Nf3 Nf6 4.
e3 Bf5 5. cxd5 cxd5 6. Qb3 Nc6 7. Bd2 Rb8 8. Bb5 a6 9. Bxc6+ bxc6 10. Qa4 Rxb2 11. Qxc6+ Bd7 12. Qxa6 e6 13. Nc3 Bb4 14. Qd3 Qa5 15. O-O Rxd2 16. Nxd2 Bxc3 17. Nb3 Qb4 18. Rac1 Ne4 19. f3 Bb5 20. Qc2 Bxf1 21. fxe4 dxe4 22. Kxf1 Qb5+ 23. Kg1 Ba5 24. Qc8+ Bd8 25. Nc5 O-O 26. Qd7 Qe2 27. Qc6 Qxe3+ 28. Kh1 Qxc1# 0-1

[Event "Early-Titled-Tuesday-Blitz-January-16-2024"]
[Site "Chess.com"]
[Date "2024.01.16"]
[Round "6"]
[White "maximnovik"]
[Black "KorolDimitriy75"]
[Result "1-0"]
[WhiteElo "2517"]
[BlackElo "2352"]
[TimeControl "180+1"]
[EndTime "9:10:25 PST"]
[Termination "maximnovik won on time"]

1. e4 c5 2. Nf3 d6 3. d4 cxd4 4. Nxd4 Nf6 5. Nc3 g6 6. Be2 Bg7 7. O-O O-O 8. Bg5 Nc6 9. Nb3 a6 10. f4 b5 11. Bf3 Bb7 12. Kh1 Nd7 13. Qd2 Re8 14. Rad1 b4 15. Nd5 Bxb2 16. e5 Qb8 17. c4 bxc3 18. Nxc3 Ba3 19. Nd5 e6 20. Nf6+ Nxf6 21.
exf6 d5 22. f5 Bd6 23. fxe6 Rxe6 24. Bxd5 Bb4 25. Qf2 Re8 26. Qh4 Ne5 27. Qxb4 Bxd5 28. Qxb8 Bxg2+ 29. Kxg2 Raxb8 30. Rfe1 h5 31. Bf4 Rb5 32.
Bxe5 Rbxe5 33. Rxe5 Rxe5 34. Rd6 Re2+ 35. Kg3 Rxa2 36. Nc5 a5 37. Ne4 a4 38. Ng5 Ra3+ 39. Kf4 1-0

[Event "Early-Titled-Tuesday-Blitz-January-16-2024"]
[Site "Chess.com"]
[Date "2024.01.16"]
[Round "6"]
[White "AldokhinIvan"]
[Black "topce"]
[Result "1-0"]
[WhiteElo "2597"]
[BlackElo "2376"]
[TimeControl "180+1"]
[EndTime "9:10:26 PST"]
[Termination "AldokhinIvan won by resignation"]

1. d4 e6 2. c4 f5 3. Nc3 Nf6 4. d5 Be7 5. g3 O-O 6. Bg2 e5 7. Nf3 e4 8. Nd4 g6 9. O-O c5 10. d6 cxd4 11. dxe7 Qxe7 12. Qxd4 Nc6 13. Qd2 Ne5 14.
b3 d6 15. Ba3 Rd8 16. Rad1 Nf7 17. f3 b6 18. fxe4 Bb7 19. exf5 Bxg2 20. Kxg2 Qb7+ 21.
Kg1 g5 22. Bb2 Ne5 23. Qxg5+ Kf7 24. Nd5 Nxd5 25. Rxd5 Rg8 26. Qh5+ Ke7 27. Bxe5 dxe5 28. Qxh7+ Kf6 29. Qxb7 Rxg3+ 30. hxg3 Rg8 31. Qc6+ Kg5 32.
Rxe5 Kg4 33. Qf3+ Kh3 34. Kf2 1-0

[Event "Early-Titled-Tuesday-Blitz-January-16-2024"]
[Site "Chess.com"]
[Date "2024.01.16"]
[Round "6"]
[White "Talent-OF-Slovenia"]
[Black "marina1994"]
[Result "1-0"]
[WhiteElo "2398"]
[BlackElo "2519"]
[TimeControl "180+1"]
[EndTime "9:10:26 PST"]
[Termination "Talent-OF-Slovenia won by resignation"]

1. e4 c5 2. Nc3 d6 3. d4 cxd4 4. Qxd4 Nc6 5. Qd2 g6 6. b3 Bh6 7. f4 Bg7 8. Bb2 Nf6 9. O-O-O O-O 10. Nf3 Bg4 11. Kb1 Rc8 12. Be2 Qb6 13. h3 Bxf3 14. Bxf3 e5 15. g4 Nd4 16. Bg2 Rfe8 17. g5 Nh5 18. Nd5 Qc5 19. c3 Ne6 20. fxe5 dxe5 21. Bf3 Nhf4 22. Bg4 Rcd8 23. Rhf1 a5 24. c4 Nxg5 25.
Qc1 Nge6 26. Ba3 Qa7 27. Nxf4 exf4 28. Bxe6 fxe6 29. Qxf4 Qb6 30. Qf7+ Kh8 31. Rd7 Rg8 32. Bb2 Rxd7 33. Bxg7+ Rxg7 34. Qe8+ Rg8 35. Qxd7 a4 36.
Rf7 Qg1+ 37. Kb2 Qh2+ 38. Ka3 Qxh3 39. Qd4+ 1-0

[Event "Early-Titled-Tuesday-Blitz-January-16-2024"]
[Site "Chess.com"]
[Date "2024.01.16"]
[Round "6"]
[White "jcibarra"]
[Black "Rud_Makarian"]
[Result "0-1"]
[WhiteElo "2863"]
[BlackElo "3034"]
[TimeControl "180+1"]
[EndTime "9:10:27 PST"]
[Termination "Rud_Makarian won by checkmate"]

1. e4 c5 2. Nf3 d6 3. d4 cxd4 4. Nxd4 Nf6 5. Nc3 Nc6 6. Nd5 e6 7. Nxf6+ Qxf6 8. Nb5 Qd8 9. c4 Be7 10. Be2 O-O 11. O-O a6 12. Nc3 b6 13. Be3 Ne5 14. f4 Nd7 15. b4 Bb7 16. Qb3 Rc8 17. Rac1 Qc7 18. Rfd1 Qb8 19. Bd3 Nf6 20. Bb1 Ng4 21.
Bxb6 Bxe4 22. Nxe4 Qxb6+ 23. c5 dxc5 24. bxc5 Qa7 25.
h3 Bxc5+ 26. Kh1 Nf2+ 27. Nxf2 Bxf2 28. Rxc8 Rxc8 29. Qc2 Qc5 30. Qxh7+ Kf8 31. Qh8+ Ke7 32. Qxg7 Rd8 33. Qg4 Rxd1+ 34. Qxd1 Bg3 35. Qc2 Qa5 36. Qe2 Bxf4 37. g4 Qc3 38. Bd3 Bb8 39. Kg2 Qc7 40. Bxa6 Qh2+ 41. Kf3 Qxh3+ 42. Ke4 Qc3 43. Bd3 Qe5+ 44. Kf3 Qf4+ 45. Kg2 Qg3+ 46. Kf1 Ba7 47. Qe4 Qf2# 0-1

[Event "Early-Titled-Tuesday-Blitz-January-16-2024"]
[Site "Chess.com"]
[Date "2024.01.16"]
[Round "6"]
[White "Timerkhanov"]
[Black "Zheenbekov86"]
[Result "0-1"]
[WhiteElo "2650"]
[BlackElo "2500"]
[TimeControl "180+1"]
[EndTime "9:10:28 PST"]
[Termination "Zheenbekov86 won by resignation"]

1. d4 d5 2. Bf4 Nf6 3. e3 c6 4.
Bd3 Bg4 5. Nf3 Nbd7 6. O-O e6 7. c4 Be7 8. h3 Bh5 9. Nc3 O-O 10. Rc1 dxc4 11. Bxc4 c5 12. Nb5 a6 13. Nd6 b5 14.
Be2 cxd4 15. Nxd4 Bxe2 16. Qxe2 Nb8 17. Nb7 Qb6 18. Rc7 Nd5 19. Rxe7 Nxe7 20. Nd6 Ng6 21. Bh2 Nc6 22. Nxc6 Qxc6 23. Rd1 Rfd8 24. Bg3 e5 25. Nf5 Qe6 26. e4 Qxa2 27. Rxd8+ Rxd8 28. h4 Qc4 29. Qg4 h5 30. Qxh5 Qc1+ 31. Kh2 Rd1 32. Kh3 Rh1+ 33. Kg4 Qd1+ 34. f3 Qd2 35. Qg5 Qxg5+ 36.
Kxg5 Rb1 37. h5 Nf4 38. Ne7+ Kf8 39. Nc6 f6+ 40. Kf5 Rxb2 41. h6 gxh6 42. Kxf6 Nh5+ 43.
Kxe5 Nxg3 0-1

[Event "Early-Titled-Tuesday-Blitz-January-16-2024"]
[Site "Chess.com"]
[Date "2024.01.16"]
[Round "6"]
[White "Reynold9402"]
[Black "Roedor"]
[Result "0-1"]
[WhiteElo "2265"]
[BlackElo "2403"]
[TimeControl "180+1"]
[EndTime "9:10:28 PST"]
[Termination "Roedor won on time"]

1. Nf3 Nf6 2. c4 g6 3. Nc3 Bg7 4. e4 e5 5. d4 exd4 6. Nxd4 O-O 7. Be2 Re8 8. f3 c6 9. Nc2 Na6 10. O-O Nc7 11. c5 b6 12. Be3 bxc5 13. Bxc5 d5 14. Nd4 Ne6 15. Nxe6 Bxe6 16. Qa4 dxe4 17.
fxe4 Qd2 18. Qd4 Red8 19. Qxd2 Rxd2 20. Rab1 Nd7 21. Be3 Bd4 22. Bxd4 Rxd4 23. Rbd1 c5 24. Kf2 Ne5 25. Ke3 Rad8 26. Nb5 Rxd1 27. Rxd1 Rxd1 28.
Bxd1 Nc4+ 29. Kf4 Nxb2 30. Bg4 Bxg4 31. Kxg4 c4 0-1

[Event "Early-Titled-Tuesday-Blitz-January-16-2024"]
[Site "Chess.com"]
[Date "2024.01.16"]
[Round "6"]
[White "Viktor_Poddubnyi"]
[Black "deepfear"]
[Result "1-0"]
[WhiteElo "2297"]
[BlackElo "1928"]
[TimeControl "180+1"]
[EndTime "9:10:28 PST"]
[Termination "Viktor_Poddubnyi won on time"]

1. e4 c5 2. Nf3 g6 3. d4 cxd4 4. Qxd4 Nf6 5. e5 Nc6 6. Qa4 Nd5 7. Qe4 Nb6 8. Nc3 Bg7 9. Bf4 O-O 10. O-O-O a6 11.
h4 h5 12. Ng5 e6 13. g4 hxg4 14. h5 Ne7 15. hxg6 Nxg6 16. Bd3 d5 17. exd6 Qf6 18.
Bd2 Nd5 19. Nh7 Nxc3 20. Nxf6+ Bxf6 21. Bxc3 Bxc3 22. bxc3 e5 23. Qe3 Kg7 24. Qh6+ Kf6 25. Bxg6 fxg6 26. d7 Bxd7 27. Rxd7 Rae8 28. Qg7+ Kf5 29.
Rd6 1-0